 Dungeon Crawl Stone Soup version 0.27-a0-1416-g941b2bd30b (webtiles) character file.

Game seed: 3855344569005763782

59 kazelolz the Skirmisher (level 3, 0/54 HPs)
             Began as a Minotaur Berserker on July 2, 2021.
             Was a Believer of Trog.
             Succumbed to an adder's poison
             ... on level 2 of the Dungeon.
             The game lasted 00:01:08 (1386 turns).

kazelolz the Skirmisher (Minotaur Berserker)        Turns: 1386, Time: 00:01:09

Health: 0/54       AC:  2    Str: 22    XL:     3   Next: 78%
Magic:  2/2        EV: 12    Int:  4    God:    Trog [**....]
Gold:   57         SH:  0    Dex:  9    Spells: 2/2 levels left

rFire    . . .     SeeInvis .   a - +0 hand axe
rCold    . . .     Faith    .   (no shield)
rNeg     . . .     Spirit   .   b - +0 animal skin
rPois    .         Reflect  .   (helmet restricted)
rElec    .         Harm     .   (no cloak)
rCorr    .         Rampage  .   (no gloves)
Will     .....                  (no boots)
Stlth    ..........             (no amulet)
HPRegen  0.18/turn              (no ring)
MPRegen  0.08/turn              (no ring)

@: berserking (expiring), lethally poisoned (0 -> -1), very quick
A: horns 2, retaliatory headbutt
a: Renounce Religion, Berserk, Trog's Hand


You were on level 2 of the Dungeon.
You worshipped Trog.
Trog was pleased with you.
You visited 1 branch of the dungeon, and saw 2 of its levels.

You collected 57 gold pieces.

Inventory:

Hand Weapons
 a - a +0 hand axe (weapon)
Armour
 b - a +0 animal skin (worn)
Scrolls
 c - a scroll of enchant armour {unknown}
 e - a scroll of holy word {unknown}
 i - a scroll of identify {unknown}
Potions
 d - a potion of mutation {unknown}
 f - a potion of attraction {unknown}
 g - a potion of lignification {unknown}
 h - a potion of haste {unknown}
 j - a potion of flight {unknown}


   Skills:
 * Level 5.1 Fighting
 + Level 4.0 Axes
 + Level 2.5 Armour
 + Level 2.4 Dodging
 + Level 0.3 Stealth


You had 2 spell levels left.
You didn't know any spells.
Your spell library was empty.

Dungeon Overview and Level Annotations

Branches:
Dungeon (2/15)

Altars:


Innate Abilities, Weirdness & Mutations

You have a pair of horns on your head.
You reflexively headbutt those who attack you in melee.


Message History

You are too injured to fight recklessly!
Unknown command.
You are too injured to fight recklessly!
You are too injured to fight recklessly!
You closely miss the adder. Your headbutt misses the adder.
The adder is severely wounded.
* * * LOW HITPOINT WARNING * * *
You feel sick. The adder bites you.
* * * LOW HITPOINT WARNING * * *
You barely miss the adder.
The adder is severely wounded.
* * * LOW HITPOINT WARNING * * *
You feel sick. The adder bites you.
* * * LOW HITPOINT WARNING * * *
The adder bites you but does no damage.
You closely miss the adder.
The adder is severely wounded.
* * * LOW HITPOINT WARNING * * *
You feel sick. The adder closely misses you.
A red film seems to cover your vision as you go berserk!
You feel yourself moving faster!
You feel mighty!
* * * LOW HITPOINT WARNING * * *
You feel sick. The adder barely misses you.
You barely miss the adder.
The adder is severely wounded.
* * * LOW HITPOINT WARNING * * *
You feel sick. The adder closely misses you. You furiously retaliate!
You headbutt the adder!
You kill the adder!
Trog accepts your kill.
Your Fighting skill increases to level 5!
Unknown command.
You feel a strong urge to attack something.
* * * LOW HITPOINT WARNING * * *
You feel sick.
Unknown command.
Unknown command.
You are too berserk!
Unknown command.
You die...

#.# ##..# ##
##.#.# #..#.#
..#.#†##### .
#.##.......#
.. #.
#.#.###.##.. #
#<#........
#.#.#.###.##.
#..†.†@.#
##.#.##......#
#..#.# .....)#
#.. .S!
.......
#......#
....[..
####.#.#
.....## #.#.#
###.## #.#. .#


There were no monsters in sight!

Vanquished Creatures
  2 adders (D:2)
  A worm (D:2)
  4 ball pythons (D:1)
  3 bats
  3 endoplasms
  4 giant cockroaches
  3 goblins (D:1)
  4 hobgoblins
  4 quokkas (D:1)
  2 frilled lizards (D:1)
  2 kobolds
  2 rats (D:1)
34 creatures vanquished.

Notes
Turn   | Place    | Note
-------+----------+-------------------------------------------
     0 | D:1      | kazelolz the Minotaur Berserker began the quest for the
                  | Orb.
     0 | D:1      | Reached XP level 1. HP: 19/19 MP: 0/0
   244 | D:1      | Reached skill level 4 in Fighting
   246 | D:1      | Reached XP level 2. HP: 23/27 MP: 1/1
   374 | D:1      | Found a faded altar of an unknown god.
  1055 | D:1      | Reached XP level 3. HP: 33/34 MP: 2/2
  1377 | D:2      | Reached ** piety under Trog
  1383 | D:2      | HP: 2/52 [poisoned by an adder]
  1384 | D:2      | Reached skill level 5 in Fighting
  1386 | D:2      | Succumbed to an adder's poison

Illustrated notes

Levels and vault maps discovered:
D:1:      dpeg_arrival_radiant, layout_loops_ring,
          shapermc_ecumenical_altar_flowoftime
D:2:      layout_loops_ring, corexii_leaking_fountain, minmay_lizard_king

Skill      XL: |  1  2  3 |
---------------+----------+-----
Fighting       | 4 5 |  5.1
Axes           | 4 |  4.0
Armour         | |  2.5
Dodging        | |  2.4
Stealth        | |  0.3

Action                   || total
-------------------------++-------
Melee: Hand axe          ||    72
       Headbutt          ||     7
Invok: Berserk           ||     1
 Stab: Sleeping          ||     1
Armor: Animal skin       ||    13
Dodge: Dodged            ||    54

Table legend: (Time is in decaauts)
 A = Elapsed time spent in this place.
 B = Non-inter-level travel time spent in this place.
 C = Inter-level travel time spent in this place.
 D = Time resting spent in this place.
 E = Time spent auto-exploring this place.
 F = Levels seen in this place.
 G = Mean time per level.
                   A        B        C        D        E       F      G
               +--------+--------+--------+--------+--------+-----+--------+
         Total |   1391 |   1376 |     15 |      0 |   1210 |   2 |  695.5 |
       Dungeon |   1391 |   1376 |     15 |      0 |   1210 |   2 |  695.5 |
               +--------+--------+--------+--------+--------+-----+--------+

Top non-repeatable levels by time:
     D:1: 1204 daAuts
     D:2: 187 daAuts
